 Dungeon Crawl Stone Soup version 0.21.1-1-g345015fe64 (webtiles) character file.

527 IceCat the Cudgeler (level 7, -11/66 HPs)
             Began as a Gargoyle Berserker on July 27, 2018.
             Was a Believer of Trog.
             Mangled by an ogre
             ... wielding a +0 giant spiked club
              (18 damage)
             ... on level 4 of the Dungeon.
             The game lasted 00:10:57 (2957 turns).

IceCat the Cudgeler (Gargoyle Berserker)            Turns: 2957, Time: 00:10:57

Health: -11/66     AC:  7    Str: 28    XL:     7   Next: 23%
Magic:  16/16      EV: 13    Int:  7    God:    Trog [**....]
Gold:   166        SH:  0    Dex:  9    Spells: 6/6 levels left

rFire    + . .     SeeInvis .   a - +0 mace
rCold    x . .     Gourm    .   (no shield)
rNeg     + . .     Faith    .   b - +0 animal skin
rPois    ∞         Spirit   .   (no helmet)
rElec    +         Reflect  .   (no cloak)
rCorr    .         Harm     .   (no gloves)
MR       .....                  (no boots)
Stlth    ..........             (no amulet)
HPRegen  0.21/turn              h - ring of magical power
MPRegen  0.15/turn              k - ring of fire

@: berserking, very quick
A: negative energy resistance 1, electricity resistance, unbreathing,
petrification resistance, rot immunity, AC +4
a: Berserk, Trog's Hand, Burn Spellbooks, Renounce Religion


You were on level 4 of the Dungeon.
You worshipped Trog.
Trog was pleased with you.
You were not hungry.

You visited 1 branch of the dungeon, and saw 4 of its levels.

You collected 166 gold pieces.

Inventory:

Hand Weapons
 a - a +0 mace (weapon)
Armour
 b - a +0 animal skin (worn)
Jewellery
 h - a ring of magical power (left hand)
 k - a ring of fire (right hand)
Scrolls
 g - a scroll of fear
 i - a scroll of enchant armour {unknown}
 j - a scroll of teleportation {unknown}
 m - a scroll of identify {unknown}
 n - a scroll of random uselessness {unknown}
 o - a scroll of amnesia {unknown}
 q - a scroll of remove curse
Potions
 d - a potion of mutation {unknown}
 e - a potion of flight {unknown}
 f - 2 potions of magic {unknown}
 l - a potion of brilliance {unknown}
 p - a potion of curing {unknown}
Comestibles
 c - 7 rations
 r - 4 chunks of flesh


   Skills:
 + Level 4.8 Fighting
 + Level 6.3 Maces & Flails
 + Level 2.3 Armour
 + Level 3.3 Dodging


You had 6 spell levels left.
You didn't know any spells.

Dungeon Overview and Level Annotations

Branches:
Dungeon (4/15)             Temple (0/1) D:4

Altars:
Gozag


Innate Abilities, Weirdness & Mutations

You are resistant to torment.
Your stone body is resilient. (AC +4)
You are immune to poison.
You resist negative energy. (rN+)
You are resistant to electric shocks. (rElec)
You can survive without breathing.
You are immune to petrification.
You are immune to rotting.


Message History

There is an open door here.
You open the door.
An ogre comes into view. It is wielding a giant spiked club.
The ogre shouts!
Found a flail.
There is an open door here.
Okay, then.
Drop what? 18/52 slots (_ for help) (? for menu, Esc to quit)
Okay, then.
A red film seems to cover your vision as you go berserk!
You feel yourself moving faster!
You feel mighty!
You feel quite a bit more hungry.
The ogre hits you with a giant spiked club!
You bludgeon the ogre!!
The ogre is almost dead.
The ogre hits you with a giant spiked club!!
* * * LOW HITPOINT WARNING * * *
You feel a strong urge to attack something.
The ogre hits you with a giant spiked club!!
You die...

##...## ##'##
##.....####...##
#.......##.....###
##.....##.........
##.....##..........
#.......'.........≈
##...####.......≈≈≈
##O#.####.....≈≈≈≈
###@###.####....≈≈≈≈
#..## ##.# ##...≈≈≈≈
###.#)###.## ##+.≈≈≈≈
#......#.## #...≈≈≈
#.#.###.## #.....≈
#.#.# #.# ##......
#.#.###.### ##.......
#.#.......####.....###
#.####......###...##


You could see an ogre.

Vanquished Creatures
  Sigmund (D:3)
  A black bear (D:4)
  The ghost of Analysis the Grave Robber, an amateur DENe (D:3)
  A bullfrog skeleton (D:4)
  A hound (D:4)
  Terence (D:3)
  A worker ant (D:4)
  2 adders (D:3)
  3 worms
  2 dart slugs
  3 leopard geckos
  An orc (D:4)
  2 ball pythons
  5 giant cockroaches
  4 goblins
  4 hobgoblins
  10 jackals
  10 kobolds
  A quokka (D:2)
  7 bats
  6 frilled lizards
  6 rats
73 creatures vanquished.

Notes
Turn   | Place    | Note
-------+----------+-------------------------------------------
     0 | D:1      | IceCat the Gargoyle Berserker began the quest for the Orb.
     0 | D:1      | Reached XP level 1. HP: 14/14 MP: 1/1
    66 | D:1      | Reached XP level 2. HP: 14/19 MP: 2/2
   506 | D:1      | Reached XP level 3. HP: 22/24 MP: 3/3
   743 | D:1      | Reached ** piety under Trog
  1176 | D:2      | Reached XP level 4. HP: 29/29 MP: 4/4
  1227 | D:2      | Reached skill level 4 in Maces & Flails
  1768 | D:2      | Found a faded altar of an unknown god.
  1930 | D:3      | Noticed Sigmund
  1947 | D:3      | Killed Sigmund
  1947 | D:3      | Reached skill level 5 in Maces & Flails
  1947 | D:3      | Reached XP level 5. HP: 33/33 MP: 5/5
  2028 | D:3      | Noticed Terence
  2031 | D:3      | Reached XP level 6. HP: 38/38 MP: 6/6
  2064 | D:3      | Killed Terence
  2109 | D:3      | Noticed Analysis's ghost (amateur DENe)
  2120 | D:3      | Killed Analysis's ghost
  2153 | D:3      | Found an opulent altar of Gozag.
  2657 | D:4      | Noticed a black bear
  2666 | D:4      | Killed a black bear
  2666 | D:4      | Reached skill level 6 in Maces & Flails
  2666 | D:4      | Reached XP level 7. HP: 30/44 MP: 7/7
  2839 | D:4      | Found a staircase to the Ecumenical Temple.
  2957 | D:4      | Mangled by an ogre

Skill      XL: |  1  2  3  4  5  6 |
---------------+-------------------+-----
Dodging        | 2 3 |  3.3
Maces & Flails | 5 6 |  6.3
Fighting       | 4 |  4.8
Armour         | |  2.3

Action                   |  1- 3 |  4- 6 |  7- 9 || total
-------------------------+-------+-------+-------++-------
Melee: Mace              |   134 |   108 |    44 ||   286
Invok: Berserk           |     1 |     2 |     1 ||     4
  Use: Scroll            |       |       |     2 ||     2
 Stab: Sleeping          |     1 |     1 |       ||     2
  Eat: Chunk             |     2 |     6 |     2 ||    10
Armor: Animal skin       |    52 |    37 |    20 ||   109
Dodge: Dodged            |    93 |    89 |    37 ||   219
